Map: Thunderbird LE

Players

TSGSolar (Solar) - Winner!

  • Race: Zerg Zerg
  • League: Diamond
  • Spawn Location: 11:00

LiquidMaNa (MaNa)

  • Race: Protoss Protoss
  • League: Grandmaster
  • Spawn Location: 5:00

Event: HomeStory Cup XX

VOD

Have the link to the VOD?

Description

Time

  • Played on: Nov. 24, 2019, 4:55 a.m.
  • Length: 13:07

All games in this series

Show
View Real Time Build Order
Export as new Build Order

TSGSolar Zerg - Winner!

Build Orders: Hatch First, Swarm Host 

Get SALT Encoding   

  12  0:01  Drone  
  13  0:12  Overlord  
  13  0:16  Drone  
  14  0:30  Drone x2  
  16  0:49  Hatchery  
  15  0:50  Drone  
  15  0:54  Drone  
  17  0:58  Drone  
  18  1:08  Extractor  
  17  1:13  Spawning Pool  
  17  1:15  Drone  
  17  1:19  Drone  
  18  1:28  Drone  
  19  1:39  Drone  
  20  1:49  Hatchery  
  20  1:51  Drone  
  20  2:01  Queen  
  22  2:02  Zergling x2  
  22  2:06  Drone  
  24  2:11  Drone  
  24  2:14  Overlord  
  25  2:24  Queen  
  27  2:31  Metabolic Boost  
  27  2:34  Drone  
  28  2:37  Drone  
  28  2:38  Drone  
  30  2:45  Queen  
  30  2:48  Drone  
  33  2:54  Drone  
  33  2:56  Drone  
  33  2:57  Drone  
  35  3:01  Queen  
  35  3:03  Zergling x2  
  38  3:07  Zergling x2  
  38  3:09  Overlord  
  39  3:13  Drone  
  39  3:14  Drone  
  39  3:15  Drone  
  42  3:20  Overlord  
  42  3:29  Drone x3  
  45  3:34  Overlord  
  45  3:37  Drone x3  
  45  3:41  Drone  
  49  3:42  Drone  
  49  3:47  Drone  
  51  3:49  Drone  
  51  3:53  Drone x2  
  51  3:54  Drone  
  55  3:56  Zergling x2  
  55  3:57  Zergling x2  
  55  4:01  Overlord, Roach Warren  
  55  4:02  Spore Crawler, Drone  
  56  4:05  Drone  
  56  4:07  Drone  
  56  4:08  Drone x2  
  60  4:13  Lair  
  60  4:14  Drone x2  
  60  4:15  Extractor  
  60  4:17  Extractor  
  59  4:21  Spore Crawler  
  59  4:22  Queen  
  60  4:24  Zergling x6  
  60  4:29  Zergling x6  
  67  4:32  Overlord  
  67  4:34  Drone  
  67  4:40  Spore Crawler, Drone x3  
  67  4:41  Drone  
  67  4:44  Spore Crawler, Drone  
  71  4:45  Drone  
  71  4:47  Drone x2  
  71  4:49  Drone  
  71  4:51  Drone  
  75  4:53  Drone x2  
  75  4:57  Drone  
  75  4:58  Drone  
  77  5:02  Drone  
  77  5:04  Queen  
  77  5:06  Overlord  
  80  5:08  Drone x2  
  80  5:11  Overseer  
  80  5:12  Extractor x2, Glial Reconstitution  
  80  5:15  Drone  
  80  5:16  Drone  
  80  5:21  Extractor, Overlord  
  81  5:22  Drone  
  81  5:24  Overlord  
  81  5:26  Drone x3  
  85  5:28  Overlord  
  85  5:31  Overlord  
  85  5:33  Drone  
  85  5:34  Infestation Pit, Drone  
  86  5:37  Drone  
  86  5:39  Drone, Evolution Chamber  
  86  5:41  Overlord  
  87  5:44  Overlord  
  87  5:53  Overseer  
  87  5:56  Overlord  
  87  6:04  Hatchery  
  87  6:06  Zerg Missile Weapons Level 1  
  86  6:11  Swarm Host x6  
  86  6:15  Nydus Network  
  86  6:17  Swarm Host x2  
  109  6:21  Swarm Host  
  109  6:23  Overlord  
  109  6:25  Swarm Host  
  115  6:31  Swarm Host  
  115  6:32  Overlord  
  118  6:33  Roach  
  118  6:34  Roach  
  118  6:35  Zergling x2, Roach  
  118  6:36  Zergling x4  
  118  6:38  Overlord  
  127  6:40  Swarm Host  
  127  6:44  Roach x3  
  127  6:47  Overlord  
  136  6:50  Roach  
  136  6:51  Nydus Canal  
  137  6:58  Roach x2  
  137  7:00  Overlord  
  140  7:06  Nydus Canal  
  140  7:08  Roach x7  
  140  7:12  Zergling x6  
  140  7:14  Ravager  
  156  7:16  Zergling x6  
  156  7:19  Overlord  
  161  7:22  Ravager  
  161  7:23  Ravager  
  161  7:30  Roach x4  
  168  7:38  Roach x3  
  172  7:46  Nydus Canal  
  172  7:47  Ravager x2  
  172  7:48  Zergling x22  
  185  7:51  Queen  
  185  7:53  Drone  
  185  7:57  Drone  
  188  8:00  Drone  
  188  8:02  Drone  
  188  8:05  Extractor  
  184  8:06  Roach  
  184  8:08  Extractor  
  184  8:10  Roach x3  
  184  8:18  Nydus Canal  
  181  8:20  Roach x5  
  181  8:21  Overlord  
  181  8:23  Roach  
  181  8:26  Roach x3  
  190  8:27  Zergling x2  
  190  8:28  Zergling x6  
  190  8:29  Hive  
  185  8:35  Zergling x4  
  185  8:39  Roach x2  
  185  8:43  Nydus Canal  
  185  8:45  Drone x2, Spire  
  186  8:48  Drone  
  186  8:52  Zerg Missile Weapons Level 2, Drone  
  186  8:53  Drone  
  189  8:56  Ravager  
  189  8:58  Roach x2  
  194  9:03  Roach x2  
  194  9:07  Ravager  
  197  9:19  Roach  
  197  9:20  Roach  
  197  9:23  Roach  
  199  9:26  Zergling x2  
  199  9:29  Ravager  
  200  9:32  Ravager  
  200  9:33  Ravager, Roach  
  200  9:40  Nydus Canal  
  200  9:45  Roach  
  200  9:48  Roach x2  
  200  9:51  Roach x3  
  200  9:52  Roach  
  198  9:59  Drone x3  
  198  10:02  Ravager  
  198  10:03  Nydus Canal  
  199  10:16  Greater Spire  
  199  10:17  Drone  
  200  10:24  Hatchery  
  193  10:30  Zergling x14  
  192  10:40  Queen x3  
  192  10:41  Roach x5  
  199  10:49  Roach x2  
  199  10:54  Roach x2  
  199  10:56  Nydus Canal  
  199  11:00  Spine Crawler x2  
  199  11:02  Spine Crawler  
  199  11:03  Spine Crawler  
  195  11:04  Corruptor  
  195  11:05  Corruptor  
  198  11:11  Zerg Melee Weapons Level 1  
  198  11:15  Corruptor x3  
  199  11:24  Corruptor  
  199  11:32  Nydus Canal  
  199  11:41  Spine Crawler  
  199  11:43  Corruptor  
  199  11:44  Spine Crawler  
  192  11:56  Brood Lord x4  
  200  12:05  Spine Crawler x2  
  200  12:07  Brood Lord  
  200  12:11  Brood Lord  
  200  12:14  Zergling x4  
  200  12:36  Brood Lord  
  198  12:38  Roach  
  198  12:43  Overlord  
  198  12:44  Overlord  
  191  12:45  Overlord x2  
  191  12:46  Overlord  
  191  12:47  Overlord  
  191  12:48  Overlord  
  160  13:01  Ravager  
Show
View Real Time Build Order
Export as new Build Order

LiquidMaNa Protoss 

Build Orders: 1 Gate Expand, Oracle Opening, Archon Immortal 

Get SALT Encoding   

  12  0:00  Probe  
  13  0:12  Probe  
  14  0:18  Pylon  
  14  0:24  Probe  
  15  0:32  Probe  
  15  0:38  Gateway  
  15  0:40  Probe  
  16  0:47  Assimilator  
  17  0:51  Probe  
  18  0:59  Probe  
  19  1:07  Probe  
  20  1:25  Nexus  
  20  1:34  Cybernetics Core  
  20  1:38  Probe  
  21  1:43  Assimilator  
  21  1:50  Probe  
  22  1:55  Pylon  
  22  2:02  Probe  
  22  2:03  Stalker  
  23  2:11  Warp Gate  
  23  2:14  Probe  
  26  2:26  Probe  
  26  2:27  Stargate  
  27  2:33  Probe  
  27  2:38  Probe  
  27  2:40  Adept  
  27  2:41  Probe  
  31  2:50  Probe  
  33  2:51  Probe  
  34  3:01  Oracle  
  34  3:03  Probe x2  
  39  3:15  Probe x2  
  39  3:19  Pylon  
  41  3:22  Gateway  
  42  3:27  Probe x2  
  42  3:28  Oracle  
  43  3:39  Probe  
  43  3:40  Probe  
  48  3:45  Pylon  
  48  3:47  Robotics Facility  
  48  3:51  Probe  
  48  3:52  Probe  
  50  4:00  Nexus  
  50  4:03  Probe  
  50  4:05  Probe  
  50  4:08  Assimilator  
  52  4:13  Assimilator  
  52  4:15  Probe  
  53  4:19  Probe  
  53  4:21  Stalker  
  56  4:24  Pylon  
  56  4:27  Immortal, Probe  
  56  4:31  Probe  
  62  4:40  Pylon  
  62  4:41  Pylon  
  62  4:42  Probe  
  62  4:43  Probe  
  64  4:54  Probe  
  64  4:56  Probe  
  66  5:00  Observer, Sentry x2  
  66  5:01  Forge, Twilight Council  
  66  5:06  Probe, Gateway  
  71  5:08  Probe  
  71  5:13  Pylon  
  71  5:14  Probe  
  74  5:18  Probe  
  74  5:20  Probe  
  74  5:21  Gateway  
  76  5:24  Protoss Ground Weapons Level 1  
  76  5:26  Probe  
  76  5:27  Immortal  
  81  5:31  Probe  
  81  5:32  Probe  
  83  5:37  Charge  
  83  5:40  Pylon, Probe  
  84  5:43  Probe  
  84  5:44  Probe  
  86  5:51  Gateway  
  86  5:53  Gateway  
  86  5:56  Assimilator  
  86  5:57  Immortal, Gateway  
  86  5:59  Assimilator  
  90  6:12  Probe  
  92  6:19  Gateway x2  
  92  6:20  Gateway, Templar Archives  
  92  6:21  Probe x2  
  92  6:24  Probe  
  94  6:25  Zealot  
  94  6:31  Void Ray  
  94  6:32  Pylon  
  96  6:33  Probe x2  
  96  6:34  Warp Prism  
  98  6:46  Zealot  
  106  6:47  Zealot  
  107  6:58  High Templar x2  
  107  6:59  High Templar x2  
  115  7:03  Zealot  
  115  7:04  Probe  
  115  7:05  Archon, Probe  
  115  7:06  Archon  
  119  7:11  Immortal  
  123  7:22  Pylon  
  123  7:23  Void Ray  
  123  7:24  Pylon  
  123  7:25  Pylon  
  123  7:28  Pylon  
  125  7:42  High Templar x3  
  125  7:43  Shield Battery, High Templar  
  133  7:45  Zealot x6  
  133  7:47  Archon  
  133  7:48  Shield Battery, Archon  
  134  8:12  Zealot x6  
  142  8:17  Zealot x3  
  146  8:26  Probe  
  131  8:32  Zealot x5  
  131  8:34  Immortal  
  135  8:40  Protoss Ground Weapons Level 2  
  119  8:45  High Templar x4  
  119  8:46  Zealot  
  129  8:50  Archon x2  
  125  8:58  Zealot x5  
  135  9:07  Zealot  
  137  9:11  Shield Battery  
  137  9:17  Zealot  
  137  9:18  Zealot x6  
  137  9:19  Immortal  
  129  9:30  High Templar x2  
  133  9:33  Psionic Storm  
  133  9:36  Archon  
  133  9:38  Zealot x5  
  129  9:55  High Templar x2  
  125  10:00  Zealot x3  
  125  10:03  High Templar x2  
  135  10:07  High Templar  
  137  10:16  Zealot  
  137  10:21  Cybernetics Core  
  133  10:30  Zealot x4  
  141  10:38  Cybernetics Core  
  141  10:43  Zealot x2  
  133  10:59  High Templar x4  
  139  11:06  Robotics Facility  
  139  11:07  Pylon  
  139  11:09  Pylon  
  139  11:10  Robotics Facility  
  137  11:11  Pylon  
  127  11:20  Void Ray, Zealot x4  
  126  11:25  Probe x2  
  126  11:32  Zealot  
  130  11:33  Zealot x3  
  130  11:35  Warp Prism  
  136  11:42  Zealot x4  
  136  11:43  Pylon  
  142  11:56  Warp Prism  
  144  12:03  High Templar x6  
  144  12:04  Zealot x2  
  160  12:09  Archon x2  
  160  12:10  Archon  
  158  12:18  Observer  
  134  12:45  Nexus  
  128  12:53  Archon  
  128  12:55  Zealot x8  
Tags
 
Add a new tag
Caveats
  • Supply blocks, unpowered buildings, or Contaminate may cause inaccurate times.
  • Supply counts are checked every 10 seconds.